 Dungeon Crawl Stone Soup version 0.29.1-13-g9f3cf754e1 (webtiles) character file.

Game seed: 770852316000993458

7678 cowcol the Cleaver (level 10, -9/79 HPs)
             Began as a Minotaur Monk on Feb 3, 2023.
             Was an Elder of Hepliaklqana.
             Mangled by a cane toad (17 damage)
             ... on level 1 of the Lair of Beasts.
             The game lasted 00:25:35 (11308 turns).

cowcol the Cleaver (Minotaur Monk)                 Turns: 11308, Time: 00:25:36

Health: -9/79      AC: 17    Str: 17    XL:     10   Next: 99%
Magic:  9/9        EV:  9    Int:  7    God:    Hepliaklqana [****..]
Gold:   368        SH:  0    Dex: 16    Spells: 9/9 levels left

rFire   + + .      SeeInvis .   G - +0 battleaxe (venom)
rCold   . . .      Faith    .   (shield currently unavailable)
rNeg    . . .      Spirit   .   v - +2 chain mail {rF+}
rPois   .          Reflect  .   (helmet restricted)
rElec   .          Harm     .   K - +2 cloak {rCorr}
rCorr   +          Rampage  .   (no gloves)
Will    +....                   (no boots)
Stlth   ..........              (no amulet)
HPRegen 0.23/turn               (no ring)
MPRegen 0.11/turn               (no ring)

@: lethally poisoned (-9 -> -10)
A: reduced essence, horns 2, retaliatory headbutt, fangs 1, fire resistance 1,
strong-willed 1
a: Renounce Religion, Recall Ancestor, Ancestor Identity, Transference, Idealise


You were on level 1 of the Lair of Beasts.
You worshipped Hepliaklqana.
Hepliaklqana was greatly pleased with you.
You visited 3 branches of the dungeon, and saw 12 of its levels.
You also visited: Sewer.

You collected 642 gold pieces.
You spent 274 gold pieces at shops.

Inventory:

Hand Weapons
 a - a +0 hand axe
 e - a +0 short sword
 o - a +2 mace of protection
 y - a +0 falchion
 G - a +0 battleaxe of venom (weapon)
 N - a +1 scimitar of flaming
 P - a +2 war axe of flaming
Missiles
 m - 7 poisoned darts (quivered)
 t - 6 boomerangs
Armour
 v - a +2 chain mail of fire resistance (worn)
 x - a +0 plate armour
 C - a +2 cloak
 E - a +1 pair of gloves
 I - a +0 pair of gloves
 K - a +2 cloak of preservation (worn)
Jewellery
 A - an amulet of magic regeneration
 B - a ring of magical power
Wands
 w - a wand of charming (10)
 M - a wand of flame (9)
 O - a wand of acid (4)
Scrolls
 b - a scroll of fear
 g - 3 scrolls of vulnerability
 j - 2 scrolls of butterflies
 p - 4 scrolls of teleportation
 s - 2 scrolls of blinking
 F - a scroll of amnesia
 H - 7 scrolls of identify
 J - a scroll of torment
Potions
 c - a potion of ambrosia
 d - 8 potions of flight
 f - 4 potions of degeneration {unknown}
 h - 2 potions of attraction {unknown}
 i - a potion of lignification {unknown}
 k - 4 potions of curing
 l - a potion of berserk rage {unknown}
 n - a potion of invisibility {unknown}
 q - a potion of mutation
 r - 3 potions of brilliance
 u - 2 potions of magic {unknown}
 z - 2 potions of haste {unknown}
 D - a potion of heal wounds
 L - a potion of resistance {unknown}


   Skills:
 + Level 7.9 Fighting
 * Level 2.2 Long Blades
 * Level 11.4(12.6) Axes
 + Level 8.4(11.1) Maces & Flails
 + Level 2.6 Throwing
 * Level 11.1 Armour
 + Level 5.1 Dodging
 + Level 2.7 Stealth


You had 9 spell levels left.
You didn't know any spells.
Your spell library contained the following spells:

 Spells                   Type           Power      Damage    Failure   Level
 Conjure Flame            Conj/Fire      0%         6-21      100%        3
 Gell's Gravitas          Tloc           0%         N/A       100%        3
 Ignite Poison            Fire/Tmut/Pois 0%         N/A       100%        3
 Mephitic Cloud           Conj/Pois/Air  0%         N/A       100%        3
 Ozocubu's Armour         Ice            0%         N/A       100%        3
 Teleport Other           Tloc           0%         N/A       100%        3
 Dispel Undead            Necr           0%         3d6       100%        4
 Sticky Flame             Conj/Fire      0%         2d3       100%        4
 Dispersal                Tloc           0%         N/A       100%        6
 Ozocubu's Refrigeration  Ice            0%         4d7       100%        7
 Maxwell's Capacitive Co  Air            0%         ∞         100%        8


Dungeon Overview and Level Annotations

Branches:
Dungeon (10/15)            Temple (1/1) D:4            Lair (1/5) D:8
    Orc (0/2) D:10          Sewer (visited)

Altars:
Ashenzari
Cheibriados
Dithmenos
Elyvilon
Fedhas
Gozag
Hepliaklqana
Kikubaaqudgha
Makhleb
Nemelex Xobeh
Okawaru
Qazlal
Ru
Sif Muna
Trog
Uskayaw
Vehumet
Wu Jian
Xom
Yredelemnul
Zin
The Shining One

Shops:
D:10 (

Annotations:
D:5 5 runed translucent doors


Innate Abilities, Weirdness & Mutations

Your life essence is reduced to manifest your ancestor. (-10% HP)
You have a pair of horns on your head.
You reflexively headbutt those who attack you in melee.
You have very sharp teeth.
Your flesh is heat resistant. (rF+)
You are strong-willed. (Will+)


Message History

You slash the black mamba!
The black mamba is poisoned.
Your headbutt misses the black mamba.
The black mamba is heavily wounded.
You feel sick. The black mamba bites you!
The blink frog blinks!
The black mamba barely misses you. You furiously retaliate!
You headbutt the black mamba!
You hit the black mamba but do no damage.
The black mamba is severely wounded.
You feel very sick. The black mamba bites you.
The black mamba bites you but does no damage.
The blink frog blinks! x2
Unknown command.
You hit the black mamba. You headbutt the black mamba.
The black mamba is almost dead.
You feel sick.
You kill the blink frog!
The black mamba barely misses you. The black mamba completely misses you.
You slash the black mamba!
You kill the black mamba!
You feel sick.
The blink frog blinks!
You slice the cane toad!!
You bite the cane toad, but do no damage.
The cane toad is heavily wounded.
You feel sick. The cane toad stings you!
The cane toad stings you but does no damage.
You hit the cane toad. Your headbutt misses the cane toad.
You bite the cane toad, but do no damage.
The cane toad is heavily wounded.
You feel sick.
A blink frog comes into view.
The cane toad stings you!!
* * * LOW HITPOINT WARNING * * *
The blink frog gives a loud, deep croak!
You closely miss the cane toad. You headbutt the cane toad.
The cane toad is severely wounded.
You barely miss the blink frog.
You feel sick. The blink frog hits you.
* * * LOW HITPOINT WARNING * * *
The cane toad stings you!
You die...

.# ......# #..
.....#
#?#.....######
#.#..........
.#...#.........
#...#..........
......F........
#...$†@.......
#...††F....##.
#..#.##.#.## #.
#. F# # # .# ..
.. .#.


You could see a cane toad and 2 blink frogs.

Vanquished Creatures
  A boulder beetle (D:10)
  Erica (D:9)
  A black mamba (Lair:1)
  A troll (D:9)
  3 blink frogs (Lair:1)
  5 water moccasins
  An acid dragon (D:10)
  5 orc warriors
  An ice beast (D:5)
  2 black bears
  2 ogres
  A phantom (D:4)
  2 centaurs
  3 bullfrogs (D:8)
  3 scorpions
  6 wights
  A jelly (D:5)
  4 orc priests
  3 hounds
  Terence (D:3)
  2 iguanas
  3 orc wizards (D:10)
  A mummy (D:5)
  4 gnolls (D:2)
  2 adders
  A white imp (D:6)
  An ufetubus (D:4)
  2 worms
  3 dart slugs
  27 orcs
  12 ball pythons
  4 bats
  An endoplasm (D:4)
  12 giant cockroaches
  7 goblins
  10 hobgoblins
  5 jackals
  3 kobolds
  2 quokkas
  2 frilled lizards
  A rat (D:2)
152 creatures vanquished.

Vanquished Creatures (collateral kills)
  Maurice (D:9)
  2 wraiths
  A shadow (D:10)
  A steam dragon (D:9)
  Menkaure (D:7)
  A water moccasin (D:8)
  3 orc warriors
  A centaur (D:9)
  5 bullfrogs
  7 wights
  5 orc priests
  2 orc wizards
  19 orcs
  A goblin (D:8)
50 creatures vanquished.

Vanquished Creatures (others)
  6 battlemagi
  43 fungi (D:8)
  57 plants
106 creatures vanquished.

Grand Total: 308 creatures vanquished

Notes
Turn   | Place    | Note
-------+----------+-------------------------------------------
     0 | D:1      | cowcol the Minotaur Monk began the quest for the Orb.
     0 | D:1      | Reached XP level 1. HP: 19/19 MP: 0/0
   165 | D:1      | Found a faded altar of an unknown god.
   583 | D:1      | Reached XP level 2. HP: 27/27 MP: 1/1
   626 | D:1      | Reached skill level 1 in Armour
  1226 | D:2      | Reached XP level 3. HP: 30/33 MP: 2/2
  1233 | D:2      | Reached skill level 1 in Maces & Flails
  1236 | D:2      | Reached XP level 4. HP: 38/40 MP: 3/3
  1549 | D:2      | Gained mutation: Your flesh is heat resistant. (rF+)
                  | [potion of mutation]
  1549 | D:2      | Gained mutation: You have hidden genetic potential. [potion
                  | of mutation]
  1879 | D:3      | Noticed Terence
  1893 | D:3      | Killed Terence
  1894 | D:3      | Reached XP level 5. HP: 37/47 MP: 4/4
  2052 | D:3      | Gained mutation: You have very sharp teeth. [hidden
                  | potential]
  2056 | D:3      | Found a glowing drain.
  2065 | Sewer    | Entered a sewer
  2157 | Sewer    | Noticed a water moccasin
  2168 | Sewer    | Killed a water moccasin
  2169 | Sewer    | Reached XP level 6. HP: 23/53 MP: 5/5
  2982 | D:4      | Gained mutation: You are strong-willed. (Will+) [hidden
                  | potential]
  2982 | D:4      | Lost mutation: You have hidden genetic potential. [hidden
                  | potential expressed]
  3240 | D:4      | Reached skill level 5 in Maces & Flails
  3436 | D:4      | Reached skill level 1 in Throwing
  3471 | D:4      | Reached skill level 5 in Fighting
  3471 | D:4      | Reached XP level 7. HP: 34/61 MP: 6/6
  3625 | D:4      | Found a staircase to the Ecumenical Temple.
  3670 | Temple   | Entered the Ecumenical Temple
  4237 | D:4      | Got Sif Muna's Reference Book on Stormy Black Rites
  4651 | D:5      | Entered Level 5 of the Dungeon
  4778 | D:5      | Found a snail-covered altar of Cheibriados.
  4984 | D:5      | Reached skill level 5 in Armour
  5199 | D:5      | Noticed a redback
  5204 | D:5      | Found a runed translucent door.
  5204 | D:5      | Noticed a redback
  5205 | D:5      | Found a runed translucent gate.
  5205 | D:5      | Found a runed translucent gate.
  5205 | D:5      | Noticed a redback
  5205 | D:5      | Noticed a redback
  5236 | D:5      | Found the +9 staff of Olgreb {rPois∞}
  5240 | D:5      | Found a runed translucent door.
  5301 | D:5      | Found a runed translucent gate.
  5406 | D:6      | Reached XP level 8. HP: 58/69 MP: 7/7
  5905 | D:6      | Found an ornate altar of the Wu Jian Council.
  6671 | D:6      | Found a hazy altar of Hepliaklqana.
  6675 | D:6      | Became a worshipper of Hepliaklqana the Forgotten
  6675 | D:6      | Reached * piety under Hepliaklqana
  6675 | D:6      | Reached ** piety under Hepliaklqana
  6676 | D:6      | Remembered your ancestor Bozena as a battlemage
  6682 | D:6      | Found a sacrificial altar of Ru.
  6685 | D:6      | Found a glowing silver altar of Zin.
  6688 | D:6      | Found a shimmering altar of Xom.
  7183 | D:7      | Reached skill level 5 in Axes
  7666 | D:7      | Noticed Menkaure
  7671 | D:7      | Killed Menkaure
  7672 | D:7      | Reached XP level 9. HP: 62/70 MP: 8/8
  8002 | D:8      | Found a broken altar of Ashenzari.
  8090 | D:8      | Reached skill level 5 in Dodging
  8128 | D:8      | Found a staircase to the Lair.
  8437 | D:8      | Found a bloodstained altar of Trog.
  8442 | D:8      | You fall into a shaft and drop 2 floors!
  8442 | D:10     | Entered Level 10 of the Dungeon
  8610 | D:9      | Noticed Maurice
  8621 | D:9      | Killed Maurice
  9150 | D:8      | Found a hide-covered altar of Uskayaw.
  9584 | D:8      | Reached XP level 10. HP: 77/77 MP: 9/9
  9743 | D:9      | Reached *** piety under Hepliaklqana
 10316 | D:9      | Noticed Erica
 10349 | D:9      | Killed Erica
 10350 | D:9      | Reached skill level 10 in Axes
 10350 | D:9      | Reached skill level 10 in Armour
 10351 | D:9      | HP: 2/79 [poisoned by Erica (bolt of poison)]
 10952 | D:10     | Found a staircase to the Orcish Mines.
 11014 | D:10     | Noticed a boulder beetle
 11024 | D:10     | Killed a boulder beetle
 11025 | D:10     | Reached skill level 1 in Long Blades
 11026 | D:10     | Reached **** piety under Hepliaklqana
 11184 | D:10     | Found Paocosch's Hydra Hut.
 11187 | D:10     | Noticed a four-headed hydra
 11192 | D:10     | Bought a +2 war axe of flaming for 274 gold pieces
 11289 | Lair:1   | Entered Level 1 of the Lair of Beasts
 11292 | Lair:1   | Noticed a black mamba
 11301 | Lair:1   | Noticed a cane toad
 11305 | Lair:1   | Killed a black mamba
 11308 | Lair:1   | Mangled by a cane toad

Illustrated notes

Levels and vault maps discovered:
D:1:      dpeg_arrival_morbid_curiosity, layout_basic,
          shapermc_ecumenical_altar_hornbeckon
D:2:      layout_loops_ring
D:3:      layout_loops_ring, gup_sewer_entry_pipe, uniq_terence
D:4:      layout_layer_cave, minmay_temple_entry_gardened_gates,
          hangedman_minor_gate_pass
D:5:      layout_rooms, slow_altar_2, minmay_guarded_unrand_staff_of_olgreb
D:6:      layout_layer_cave, mainiacjoe_overflow_alcove_2,
          grunt_temple_overflow_cloverleaf, lemuel_flamethrower_2
D:7:      layout_basic, uniq_menkaure
D:8:      layout_loops_ring, eat_drink_and_be_merry_uskayaw,
          grunt_temple_overflow_open, due_lair_maze_entry_diamond,
          enter_bailey_3, nicolae_fountain_basement
D:9:      layout_gridville, uniq_erica, uniq_maurice
D:10:     layout_roguey, david_orc_5, doesnt_shop_hydraphobe
Temple:   nicolae_temple_figure_eight
Lair:1:   layout_chaotic_city, minivault_23, st_stairs_7

Skill      XL: |  1  2  3  4  5  6  7  8  9 10 |
---------------+-------------------------------+-----
Armour         | 1 2 3 5 7 9 11 | 11.1
Axes           | 4 6 9 11 | 11.4
Fighting       | 4 5 6 7 |  7.9
Maces & Flails | 1 2 4 5 6 8 |  8.4
Stealth        | 2 |  2.7
Dodging        | 4 5 |  5.1
Throwing       | 1 2 |  2.6
Long Blades    | 2 |  2.2

Action                   |  1- 3 |  4- 6 |  7- 9 | 10-12 || total
-------------------------+-------+-------+-------+-------++-------
Melee: Hand axe          |    16 |       |       |       ||    16
       Headbutt          |     7 |    23 |    40 |    12 ||    82
       Mace              |    26 |   132 |   127 |       ||   285
       Bite              |       |    11 |    25 |     7 ||    43
       Punch             |       |     1 |       |       ||     1
       Battleaxe         |       |       |    69 |    64 ||   133
Throw: Boomerang         |       |     7 |    10 |     7 ||    24
       Dart              |       |       |       |     7 ||     7
Invok: Ancestor Life: Ba |       |       |     1 |       ||     1
       Recall Ancestor   |       |       |     3 |       ||     3
  Use: Scroll            |     3 |     2 |     8 |     1 ||    14
       Potion            |     3 |     2 |     5 |     2 ||    12
 Stab: Sleeping          |     2 |       |       |       ||     2
       Distracted        |       |       |       |     2 ||     2
Armor: Robe              |     6 |    26 |       |       ||    32
       Chain mail        |       |    46 |   135 |    40 ||   221
Dodge: Dodged            |    47 |    74 |    98 |    36 ||   255
